 Dungeon Crawl Stone Soup version 0.29-a0-664-gff9cad4a3d (webtiles) character file.

Game seed: 10918261828988436536

98 happo123 the Gusty (level 4, -2/25 HPs)
             Began as a Tengu Air Elementalist on June 22, 2022.
             Killed from afar by Natasha (5 damage)
             ... with a magic dart
             ... on level 3 of the Dungeon.
             The game lasted 00:11:59 (1646 turns).

happo123 the Gusty (Tengu Air Elementalist)         Turns: 1646, Time: 00:12:00

Health: -2/25      AC:  2    Str:  8    XL:     4   Next: 71%
Magic:  8/8        EV: 28    Int: 17    God:
Gold:   82         SH:  0    Dex: 15    Spells: 1/7 levels left

rFire   . . .      SeeInvis .   n - +1 morningstar (drain)
rCold   . . .      Faith    .   (no shield)
rNeg    . . .      Spirit   .   a - +0 robe
rPois   .          Reflect  .   (helmet restricted)
rElec   .          Harm     .   (no cloak)
rCorr   .          Rampage  .   (no gloves)
Will    .....                   (boots unavailable)
Stlth   ++........              i - amulet of the acrobat
HPRegen 0.08/turn               (no ring)
MPRegen 0.11/turn               (no ring)

@: acrobatic
A: beak, talons 3
a: no special abilities


You were on level 3 of the Dungeon.
You visited 1 branch of the dungeon, and saw 3 of its levels.

You collected 82 gold pieces.

Inventory:

Hand Weapons
 d - a +0 short sword
 g - a +0 hand crossbow
 n - a +1 morningstar of draining (weapon)
Armour
 a - a +0 robe (worn)
Magical Staves
 h - a staff of death
 l - a staff of cold
Jewellery
 i - an amulet of the acrobat (around neck)
Scrolls
 c - a scroll of identify {unknown}
 f - 2 scrolls of noise {unknown}
 m - a scroll of vulnerability {unknown}
Potions
 b - a potion of magic
 e - a potion of attraction {unknown}
 j - a potion of flight {unknown}
 k - a potion of heal wounds {unknown}
 o - a potion of haste {unknown}
 p - a potion of curing {unknown}


   Skills:
 + Level 1.1 Fighting
 + Level 2.7 Dodging
 + Level 2.5 Stealth
 + Level 2.3 Spellcasting
 * Level 3.0 Conjurations
 * Level 5.0 Air Magic


You had one spell level left.
You knew the following spells:

 Your Spells              Type           Power      Damage    Failure   Level
a - Shock                 Conj/Air       60%        1d6       3%          1
b - Static Discharge      Conj/Air       15%        N/A       5%          2
c - Swiftness             Air            19%        N/A       7%          3

Your spell library contained the following spells:

 Spells                   Type           Power      Damage    Failure   Level
 Magic Dart               Conj           48%        1d5       5%          1
 Searing Ray              Conj           24%        2d5       9%          2
 Airstrike                Air            9%         N/A       24%         4
 Ensorcelled Hibernation  Hex/Ice        4%         N/A       28%         2
 Spider Form              Tmut/Pois      2%         N/A       50%         3
 Fulminant Prism          Conj/Hex       3%         3d6       69%         4
 Anguish                  Hex/Necr       1%         N/A       88%         4


Dungeon Overview and Level Annotations

Branches:
Dungeon (3/15)

Altars:

Shops:
D:3 *(:

Annotations:
D:3 Natasha


Innate Abilities, Weirdness & Mutations

You have a beak for a mouth.
You have claws for feet.


Message History

Your Conjurations skill increases to level 3!
Your Air Magic skill increases to level 5!
You hit the hobgoblin. You drain the hobgoblin.
The hobgoblin is heavily wounded.
The hobgoblin barely misses you. The hobgoblin hits you.
* * * LOW HITPOINT WARNING * * *
You closely miss the hobgoblin.
The hobgoblin is heavily wounded.
The hobgoblin closely misses you.
Aiming: Shock (safe; 3% risk of failure)
Press: ? - help, Q - select action, (/) - cycle Shift-Dir - straight line The zap hits the hobgoblin but does no damage.
The hobgoblin is heavily wounded.
The hobgoblin barely misses you.
You closely miss the hobgoblin. Your kick misses the hobgoblin.
The hobgoblin is heavily wounded.
The hobgoblin closely misses you. The hobgoblin hits you.
* * * LOW HITPOINT WARNING * * *
Okay, then.
Found a coppery potion.
The hobgoblin misses you. The hobgoblin attacks as you move away!
The hobgoblin closely misses you. The hobgoblin attacks as you move away!
The hobgoblin completely misses you.
There is an escape hatch in the ceiling here.
The hobgoblin attacks as you move away! The hobgoblin misses you.
The hobgoblin attacks as you move away! The hobgoblin completely misses you.
Aiming: Shock (safe; 3% risk of failure)
Press: ? - help, Q - select action, (/) - cycle Shift-Dir - straight line The zap hits the hobgoblin.
The hobgoblin is heavily wounded.
The zap hits the hobgoblin.
You kill the hobgoblin!
There is a stone staircase leading up here.
You start resting.
Magic restored.
Natasha, Servant of Life and Death comes into view.
She is carrying a wand of flame (23).
Natasha hisses angrily.
Natasha mewls in sadness.
Natasha casts a spell at you. The magic dart hits you.
You die...

#.....#.....#.#.##.....
#..##.......#........##
#.......#......###....
#.......##...........#
##......h#......†.....#
#......................
###......<...............
#.....≈.≈.......8........
#....≈≈.≈≈...@..<........
...#.≈≈∩≈≈....8.∩.8......
..###≈≈≈≈≈##.............
.. ##≈≈≈###....8........
#####...##..######.!
..####### .. ###


You could see Natasha.

Vanquished Creatures
  Natasha (D:3)
  A gnoll (D:1)
  2 adders (D:2)
  2 bats (D:1)
  4 endoplasms
  3 giant cockroaches
  3 goblins (D:1)
  4 hobgoblins
  4 quokkas
  6 ball pythons (D:1)
  3 frilled lizards (D:1)
  6 kobolds
  8 rats
47 creatures vanquished.

Notes
Turn   | Place    | Note
-------+----------+-------------------------------------------
     0 | D:1      | happo123 the Tengu Air Elementalist began the quest for the
                  | Orb.
     0 | D:1      | Reached XP level 1. HP: 10/10 MP: 4/4
   134 | D:1      | Reached XP level 2. HP: 7/15 MP: 0/6
   137 | D:1      | Learned a level 2 spell: Static Discharge
   409 | D:1      | Reached XP level 3. HP: 18/20 MP: 5/7
   413 | D:1      | Learned a level 3 spell: Swiftness
  1063 | D:2      | Reached skill level 1 in Fighting
  1063 | D:2      | Reached XP level 4. HP: 25/25 MP: 3/8
  1585 | D:3      | Found Anutwimme's General Store.
  1585 | D:3      | Found Xuixog's Book Boutique.
  1590 | D:3      | Found Puepnouss's Antique Weapon Shoppe.
  1606 | D:3      | Noticed Natasha
  1613 | D:3      | Killed Natasha
  1614 | D:3      | Reached skill level 5 in Air Magic
  1617 | D:3      | HP: 1/25 [hobgoblin (4)]
  1643 | D:3      | Noticed Natasha
  1646 | D:3      | Killed from afar by Natasha

Illustrated notes

Levels and vault maps discovered:
D:1:      elethiomel_arrival_maze, layout_basic, st_stairs_4
D:2:      minmay_general_purpose_star, layout_loops_ring
D:3:      layout_rooms, serial_shops, nicolae_shop_waterfront, shop,
          nicolae_shop_behind_doors, nicolae_shop_statue_plus,
          nicolae_shop_waterfront, shapermc_ecumenical_altar_acropolis,
          minmay_fractal_squares_gapless_5, uniq_sigmund, uniq_natasha

Skill      XL: |  1  2  3  4 |
---------------+-------------+-----
Conjurations   | 2 3 |  3.0
Fighting       | 1 |  1.1
Air Magic      | 5 |  5.0
Dodging        | |  2.7
Stealth        | |  2.5
Spellcasting   | |  2.3

Action                   |  1- 3 |  4- 6 || total
-------------------------+-------+-------++-------
Melee: Unarmed           |     8 |       ||     8
       Kick              |     3 |     1 ||     4
       Short sword       |    24 |     1 ||    25
       Peck              |     1 |     1 ||     2
       Morningstar       |       |    13 ||    13
 Cast: Shock             |    34 |     5 ||    39
       Static Discharge  |     1 |     3 ||     4
 Stab: Sleeping          |     4 |     1 ||     5
Armor: Robe              |    12 |     1 ||    13
Dodge: Dodged            |    24 |    21 ||    45

Table legend: (Time is in decaauts)
 A = Elapsed time spent in this place.
 B = Non-inter-level travel time spent in this place.
 C = Inter-level travel time spent in this place.
 D = Time resting spent in this place.
 E = Time spent auto-exploring this place.
 F = Levels seen in this place.
 G = Mean time per level.
                   A        B        C        D        E       F      G
               +--------+--------+--------+--------+--------+-----+--------+
         Total |   1652 |   1169 |    483 |      9 |    762 |   3 |  550.7 |
       Dungeon |   1652 |   1169 |    483 |      9 |    762 |   3 |  550.7 |
               +--------+--------+--------+--------+--------+-----+--------+

Top non-repeatable levels by time:
     D:2: 831 daAuts
     D:1: 758 daAuts
     D:3: 62 daAuts
